 Dungeon Crawl Stone Soup version 0.21-a0-471-gd587bd5 (webtiles) character file.

171 Laiders the Chopper (level 5, -13/67 HPs)
             Began as a Minotaur Berserker on Nov 21, 2017.
             Was a Believer of Trog.
             Mangled by Crazy Yiuf
             ... wielding a +2 quarterstaff of chaos
              (18 damage)
             ... on level 2 of the Dungeon.
             The game lasted 00:03:45 (1865 turns).

Laiders the Chopper (Minotaur Berserker)            Turns: 1865, Time: 00:03:46

Health: -13/67     AC:  6    Str: 27    XL:     5   Next: 26%
Magic:  4/4        EV: 10    Int:  4    God:    Trog [**....]
Gold:   70         SH:  0    Dex: 10    Spells: 4/4 levels left

rFire    . . .     SeeInvis .   o - +0 war axe
rCold    . . .     Gourm    .   (no shield)
rNeg     . . .     Faith    .   e - +0 scale mail
rPois    .         Spirit   .   (helmet restricted)
rElec    .         Reflect  .   (no cloak)
rCorr    .         Harm     .   (no gloves)
MR       .....                  (no boots)
Stlth    ..........             (no amulet)
HPRegen  0.21/turn              m - ring of flight
MPRegen  0.09/turn              (no ring)

@: berserking, drained, very quick
A: retaliatory headbutt, horns 2
a: Berserk, Trog's Hand, Burn Spellbooks, Renounce Religion, Evoke Flight


You were on level 2 of the Dungeon.
You worshipped Trog.
Trog was pleased with you.
You were hungry.

You visited 1 branch of the dungeon, and saw 2 of its levels.

You collected 70 gold pieces.

Inventory:

Hand Weapons
 o - a +0 war axe (weapon)
Armour
 e - a +0 scale mail (worn)
Jewellery
 m - a ring of flight (left hand)
Scrolls
 d - a scroll of remove curse
 g - a scroll of fog {unknown}
 l - a scroll of random uselessness {unknown}
 n - a scroll of teleportation {unknown}
Potions
 h - a potion of berserk rage
 i - a potion of curing {unknown}
 k - 2 potions of flight
Comestibles
 b - a royal jelly
 c - 3 bread rations
 f - 2 chunks of flesh
 j - 3 meat rations


   Skills:
 - Level 3.6(3.2) Fighting
 + Level 7.3(6.9) Axes
 - Level 2.4(2.0) Armour
 - Level 2.1(1.8) Dodging


You had 4 spell levels left.
You didn't know any spells.

Dungeon Overview and Level Annotations

Branches:
Dungeon (2/15)

Altars:
The Shining One

Annotations:
D:2 Crazy Yiuf


Innate Abilities, Weirdness & Mutations

You reflexively headbutt those who attack you in melee.
You have a pair of horns on your head.


Message History

You hit Crazy Yiuf but do no damage.
Crazy Yiuf hits you with a quarterstaff of chaos!
You are electrocuted!
You slash Crazy Yiuf!
Crazy Yiuf is severely wounded.
Crazy Yiuf hits you with a quarterstaff of chaos.
* * * LOW HITPOINT WARNING * * *
Crazy Yiuf freezes you.
* * * LOW HITPOINT WARNING * * *
You closely miss Crazy Yiuf.
Crazy Yiuf is severely wounded.
Crazy Yiuf barely misses you. You furiously retaliate!
You headbutt Crazy Yiuf, but do no damage.
A red film seems to cover your vision as you go berserk!
You feel yourself moving faster!
You feel mighty!
You are feeling hungry.
Crazy Yiuf hits you with a quarterstaff of chaos!
* * * LOW HITPOINT WARNING * * *
You are electrocuted!
You die...

#########...........###.##...
#...................# #.##...
#.#######...........# #.##...
#.# ###########.# #..##+# #.#
#.# ##.##.# #.# #.# #..#.#
#.##### #### #.# ##.#.#
#.....## ###..)# ### #.#.#
#......####.@g..# #...#
##......#..##...# #######..#
##....#.### #### #.....(..#
######## #.......>.
#......... #....)....
#......... #.........
#.........


You could see Crazy Yiuf.

Vanquished Creatures
  An orc wizard (D:2)
  4 gnolls (D:2)
  3 adders
  A worm (D:2)
  5 dart slugs
  3 leopard geckos
  2 orcs (D:2)
  A giant cockroach (D:2)
  7 goblins
  6 hobgoblins
  8 jackals
  A ball python (D:2)
  7 bats
  A frilled lizard (D:1)
  5 kobolds
  3 rats
58 creatures vanquished.

Notes
Turn   | Place    | Note
-------+----------+-------------------------------------------
     0 | D:1      | Laiders the Minotaur Berserker began the quest for the Orb.
     0 | D:1      | Reached XP level 1. HP: 19/19 MP: 0/0
   120 | D:1      | Reached skill level 4 in Axes
   175 | D:1      | Reached XP level 2. HP: 18/26 MP: 1/1
   407 | D:1      | Reached skill level 5 in Axes
   487 | D:1      | Reached XP level 3. HP: 31/31 MP: 2/2
   850 | D:1      | Reached ** piety under Trog
   860 | D:2      | Reached skill level 6 in Axes
   860 | D:2      | Reached XP level 4. HP: 26/39 MP: 3/3
  1454 | D:2      | Found a runed door.
  1544 | D:2      | Reached skill level 7 in Axes
  1544 | D:2      | Reached XP level 5. HP: 34/45 MP: 4/4
  1762 | D:2      | Found a glowing golden altar of the Shining One.
  1858 | D:2      | Noticed Crazy Yiuf
  1865 | D:2      | Mangled by Crazy Yiuf

Vault maps used:
D:1:      dpeg_arrival_snail
D:2:      tso_oasis_becter, first_bread, uniq_crazy_yiuf_cottage

Skill      XL: |  1  2  3  4 |
---------------+-------------+-----
Axes           | 4 5 6 7 |  7.3
Fighting       | |  3.6
Armour         | |  2.4
Dodging        | |  2.1

Action                   |  1- 3 |  4- 6 || total
-------------------------+-------+-------++-------
Melee: Hand axe          |    55 |    48 ||   103
       Headbutt          |     7 |     6 ||    13
       War axe           |       |     6 ||     6
Invok: Berserk           |     1 |     2 ||     3
  Use: Scroll            |       |     5 ||     5
  Eat: Chunk             |     1 |     4 ||     5
Armor: Scale mail        |    39 |    30 ||    69
Dodge: Dodged            |    59 |    33 ||    92

Table legend:
 A = Spawn XP
 B = Non-spawn XP
 C = Spawn XP percentage of total XP
 D = Spawn monster count
 E = Non-spawn monster count
 F = Spawn count percentage of total count
 G = Total turns spent on level
                    A         B        C        D         E        F      G
               +---------+---------+-------+---------+---------+-------+---------
         Total |       0 |     245 |   0.0 |       0 |      58 |   0.0 |  1865
               +---------+---------+-------+---------+---------+-------+---------
           D:1 |       0 |      63 |   0.0 |       0 |      26 |   0.0 |   848
           D:2 |       0 |     182 |   0.0 |       0 |      32 |   0.0 |  1017
               +---------+---------+-------+---------+---------+-------+---------
